 Dungeon Crawl Stone Soup version 0.23-a0-607-g760965b (webtiles) character file.

229 LordSnooty the Ruffian (level 5, -1/69 HPs)
             Began as a Troll Earth Elementalist on Dec 20, 2018.
             Killed by divine providence
             ... invoked by an orc priest
              (16 damage)
             ... on level 4 of the Dungeon.
             The game lasted 00:04:56 (2521 turns).

LordSnooty the Ruffian (Troll Earth Elementalist)   Turns: 2521, Time: 00:04:57

Health: -1/69      AC: 22    Str: 16    XL:     5   Next: 71%
Magic:  6/6        EV:  1    Int: 12    God:
Gold:   195        SH:  9    Dex: 10    Spells: 4/7 levels left

rFire    + . .     SeeInvis .     - Unarmed
rCold    . . .     Gourm    +   r - +2 shield
rNeg     + + +     Faith    .   (armour currently unavailable)
rPois    +         Spirit   .   (helmet currently unavailable)
rElec    .         Reflect  .   (cloak currently unavailable)
rCorr    +         Harm     .   (gloves unavailable)
MR       .....     NoTele   +   (boots unavailable)
Stlth    +.........             (no amulet)
HPRegen  0.61/turn              e - ring of protection from fire
MPRegen  0.10/turn              v - ring of resist corrosion

@: tree-form
A: large, unfitting armour, fast metabolism 3, gourmand, regeneration 1
a: no special abilities


You were on level 4 of the Dungeon.
You were completely stuffed.
You were a tree.
You visited 1 branch of the dungeon, and saw 4 of its levels.

You collected 195 gold pieces.

Inventory:

Missiles
 b - 84 stones (quivered)
Armour
 c - a +0 robe (melded)
 r - a +2 shield (worn)
Jewellery
 e - a ring of protection from fire (left branch)
 v - a ring of resist corrosion (right branch)
Scrolls
 a - 4 scrolls of identify {unknown}
 f - 2 scrolls of fog {unknown}
 h - a scroll of amnesia {unknown}
 j - a scroll of enchant weapon {unknown}
 o - 4 scrolls of teleportation {unknown}
 p - a scroll of enchant armour {unknown}
 q - 2 scrolls of remove curse {unknown}
 s - a scroll of fear {unknown}
 u - a scroll of blinking {unknown}
Potions
 g - a potion of mutation {unknown}
 i - 2 potions of invisibility {unknown}
 k - 2 potions of lignification
 l - a potion of brilliance {unknown}
 m - a potion of might {unknown}
 n - 3 potions of curing {unknown}
 t - a potion of heal wounds {unknown}
Comestibles
 d - 13 rations


   Skills:
 + Level 0.4 Fighting
 - Level 1.5 Dodging
 - Level 1.0 Stealth
 * Level 1.1 Shields
 * Level 4.4 Unarmed Combat
 - Level 1.5 Spellcasting
 + Level 1.0 Transmutations
 - Level 3.2 Earth Magic


You had 4 spell levels left.
You knew the following spells:

 Your Spells              Type           Power        Failure   Level  Hunger
a - Sandblast             Erth           #.....       38%         1    ##.....
b - Passwall              Tmut/Erth      #.......     67%         2    ###....

Your spell library contained the following spells:

 Spells                   Type           Power        Failure   Level  Hunger
 Stone Arrow              Conj/Erth      #.....       94%         3    ####...
 Petrify                  Tmut/Erth      #.......     99%         4    #####..
 Lee's Rapid Deconstruct  Erth           #.........   100%        5    ######.


Dungeon Overview and Level Annotations

Branches:
Dungeon (4/15)
 Temple: D:4-7

Altars:
Fedhas


Innate Abilities, Weirdness & Mutations

You are too large for most types of armour.
((You have claws for hands.))
Your metabolism is lightning-fast.
You like to eat raw meat.
Your natural rate of healing is unusually fast.
((You are covered in fur. (AC +1)))
((You have very tough skin. (AC +2)))


Message History

You are too injured to fight recklessly!
You are too injured to fight recklessly!
You are too injured to fight recklessly!
You are too injured to fight recklessly!
You are too injured to fight recklessly!
You are too injured to fight recklessly!
You are too injured to fight recklessly!
You are too injured to fight recklessly!
You are too injured to fight recklessly!
You are too injured to fight recklessly!
You are too injured to fight recklessly!
Okay, then.
You're too full to eat anything.
Okay, then.
You aren't carrying any items that you can evoke.
It was a potion of lignification.
You turn into a tree.
Your +0 robe melds into your body.
Your roots penetrate the ground.
The orc priest invokes the aid of Beogh against you.
Beogh smites you!
You die...

#......# #......# #......# .
##......##### ..
#...#####...###...
.....#........$..o....
.....#................ .....
#.........o...... .....
#.......o♣o......
......#.........o......
...........###..###...#
#####...###..#############+##
#........................#
#........................#
#........................#
##...##...########'##...#
#...######....<....# #


You could see 3 orc priests, an orc wizard and an orc.

Vanquished Creatures
  An orc priest (D:3)
  2 orc wizards (D:3)
  A worker ant (D:4)
  6 adders
  A worm (D:3)
  3 dart slugs
  3 leopard geckos
  3 orcs
  7 giant cockroaches
  6 hobgoblins
  4 jackals (D:2)
  A quokka (D:4)
  2 ball pythons
  6 bats
  5 frilled lizards
  2 goblins
  2 kobolds
  4 rats
59 creatures vanquished.

Notes
Turn   | Place    | Note
-------+----------+-------------------------------------------
     0 | D:1      | LordSnooty the Troll Earth Elementalist began the quest for
                  | the Orb.
     0 | D:1      | Reached XP level 1. HP: 16/16 MP: 1/1
   325 | D:1      | Reached XP level 2. HP: 21/24 MP: 3/3
   595 | D:1      | Reached skill level 1 in Unarmed Combat
   685 | D:2      | Learned a level 2 spell: Passwall
   751 | D:2      | Reached XP level 3. HP: 13/31 MP: 4/4
   840 | D:2      | Reached skill level 1 in Transmutations
   886 | D:2      | Reached skill level 2 in Unarmed Combat
  1116 | D:2      | Found a blossoming altar of Fedhas.
  1124 | D:2      | Reached XP level 4. HP: 39/39 MP: 5/5
  1659 | D:3      | Reached skill level 3 in Unarmed Combat
  1661 | D:3      | Reached XP level 5. HP: 26/45 MP: 6/6
  1956 | D:3      | Reached skill level 4 in Unarmed Combat
  2470 | D:4      | Reached skill level 1 in Shields
  2521 | D:4      | Killed from afar by an orc priest

Vault maps used:
D:1:      matt_arrival_refuge, dk_noncrumbling_2
D:2:      lemuel_round_altar, minmay_cupped
D:3:      chequers_decorated_corner
D:4:      gammafunk_temple_overflow_wave, dk_vineyard_3,
          uniq_crazy_yiuf_cottage, uniq_edmund

Skill      XL: |  1  2  3  4  5 |
---------------+----------------+-----
Earth Magic    | 3 |  3.2
Unarmed Combat | 1 2 3 4 |  4.4
Transmutations | 1 |  1.0
Shields        | 1 |  1.1
Fighting       | |  0.4
Dodging        | |  1.5
Stealth        | |  1.0
Spellcasting   | |  1.5

Action                   |  1- 3 |  4- 6 || total
-------------------------+-------+-------++-------
Melee: Unarmed           |   105 |   112 ||   217
       Punch             |     1 |       ||     1
Throw: Stone             |       |     3 ||     3
  Use: Potion            |       |     1 ||     1
 Stab: Sleeping          |     3 |     1 ||     4
  Eat: Chunk             |    16 |    13 ||    29
Armor: Robe              |    50 |    42 ||    92
Dodge: Dodged            |    58 |    33 ||    91
Block: Shield            |     2 |    43 ||    45

Table legend:
 A = Non-vault XP
 B = Vault XP
 C = Vault XP percentage of total XP
 D = Non-vault monster count
 E = Vault monster count
 F = Vault count percentage of total count
                 A         B        C        D         E       F
            +---------+---------+-------+---------+---------+-------
      Total |     326 |       2 |   0.6 |      58 |       1 |   1.7
            +---------+---------+-------+---------+---------+-------
        D:1 |      26 |       0 |   0.0 |      17 |       0 |   0.0
        D:2 |      85 |       2 |   2.3 |      20 |       1 |   4.8
        D:3 |     178 |       0 |   0.0 |      18 |       0 |   0.0
        D:4 |      37 |       0 |   0.0 |       3 |       0 |   0.0
            +---------+---------+-------+---------+---------+-------
